[Event "XVI Memorial Lezcano Montalvo 2024"]
[Site "Gran Canaria"]
[Date "2024.03.27"]
[Round "5.19"]
[White "Guerrero Orihuela, Jose Luis"]
[Black "Tytynnik, Artem"]
[Result "0-1"]
[ECO "E30"]
[WhiteElo "1948"]
[BlackElo "2197"]
[Annotator "RC"]
[PlyCount "60"]
[EventDate "2024.03.23"]
[EventType "swiss"]
[EventCountry "ESP"]
[SourceTitle "playchess.com"]
[Source "ChessBase"]
[SourceQuality "1"]
[TimeControl "5400+30"]

1. d4 Nf6 2. c4 e6 3. Nc3 Bb4 4. Bg5 c5 5. d5 d6 6. e3 Bxc3+ 7. bxc3 e5 8. f3 Nbd7 9. Bd3 Qe7 10. Ne2 h6 11. Bxf6 Nxf6 12. Ng3 h5 13. h4 g6 14. Qc2 Qf8 15. O-O Qe7 16. Qf2 Rg8 17. Be2 Bd7 18. Rab1 O-O-O 19. a4 g5 20. hxg5 Rxg5 21. f4 exf4 22. Qxf4 Rdg8 23. Qxf6 Qxe3+ 24. Qf2 Qxg3 25. Bf3 Qxf2+ 26. Rxf2 Re8 27. Rfb2 Bf5 28. Rxb7 Bxb1 29. Rxb1 Re3 30. Rc1 Rxf3 0-1

[Event "XVI Memorial Lezcano Montalvo 2024"]
[Site "Gran Canaria"]
[Date "2024.03.27"]
[Round "5.20"]
[White "Ramos Santana, Marcelino"]
[Black "Morales Camacho, Julian"]
[Result "1-0"]
[ECO "B00"]
[WhiteElo "1897"]
[BlackElo "2186"]
[Annotator "RC"]
[PlyCount "86"]
[EventDate "2024.03.23"]
[EventType "swiss"]
[EventCountry "ESP"]
[SourceTitle "playchess.com"]
[Source "ChessBase"]
[SourceQuality "1"]
[TimeControl "5400+30"]

1. e4 e6 2. Nf3 b6 3. d4 Bb7 4. Bd3 d6 5. O-O Nd7 6. Re1 g6 7. Nbd2 Bg7 8. Nf1 Ne7 9. Be3 h6 10. c3 a6 11. a4 c5 12. Ng3 Qc7 13. Qe2 e5 14. Rac1 O-O 15. Nh4 d5 16. Qd2 dxe4 17. Bb1 Kh7 18. f4 exd4 19. cxd4 f5 20. Ne2 Nd5 21. g4 Qd8 22. Ng2 Qe7 23. Kh1 Rac8 24. gxf5 gxf5 25. Rg1 N7f6 26. h3 Nh5 27. Kh2 Rfd8 28. Qe1 Bf6 29. dxc5 bxc5 30. Qf2 Nxe3 31. Nxe3 Bh4 32. Qf1 Qf6 33. Ba2 Rd2 34. Rg2 Rc7 35. Nc4 Rxe2 36. Rxe2 Bg3+ 37. Kg1 Nxf4 38. Ne3 Rg7 39. Kh1 Nxe2 40. Qxe2 f4 41. Ng4 Qh4 42. Kg1 Qxh3 43. Nf6+ Kh8 1-0

[Event "XVI Memorial Lezcano Montalvo 2024"]
[Site "Gran Canaria"]
[Date "2024.03.27"]
[Round "5.21"]
[White "Gonzalez Martinez, Miguel Angel"]
[Black "de Leon Navarro, Claudio"]
[Result "1-0"]
[ECO "B01"]
[WhiteElo "2158"]
[BlackElo "1931"]
[Annotator "RC"]
[PlyCount "70"]
[EventDate "2024.03.23"]
[EventType "swiss"]
[EventCountry "ESP"]
[SourceTitle "playchess.com"]
[Source "ChessBase"]
[SourceQuality "1"]
[TimeControl "5400+30"]

1. e4 d5 2. exd5 Qxd5 3. Nc3 Qe5+ 4. Nge2 Nf6 5. d3 c6 6. Bf4 Qa5 7. h3 e5 8. Bd2 Qb6 9. Na4 Qc7 10. Ng3 Be7 11. Be2 O-O 12. O-O Nd5 13. Bf3 Be6 14. Re1 Nd7 15. c4 N5f6 16. b4 Rad8 17. Qc2 b6 18. Bc3 c5 19. b5 Ne8 20. Nb2 f6 21. a4 Nd6 22. a5 Nf5 23. Bd5 Nd4 24. Bxd4 Bxd5 25. cxd5 exd4 26. Rxe7 Qd6 27. Rxg7+ Kh8 28. Qe2 Qe5 29. Qxe5 fxe5 30. Re7 Nf6 31. axb6 Nxd5 32. Rexa7 Nxb6 33. Rb7 c4 34. Raa7 Nd7 35. Nxc4 Nb8 1-0

[Event "XVI Memorial Lezcano Montalvo 2024"]
[Site "Gran Canaria"]
[Date "2024.03.27"]
[Round "5.22"]
[White "Marrero Cardenes, Agustin"]
[Black "Sanchez Gonzalez, Diego"]
[Result "1-0"]
[ECO "D02"]
[WhiteElo "2093"]
[BlackElo "1908"]
[Annotator "NA RC"]
[PlyCount "87"]
[EventDate "2024.03.23"]
[EventType "swiss"]
[EventCountry "ESP"]
[SourceTitle "playchess.com"]
[Source "ChessBase"]
[SourceQuality "1"]
[TimeControl "5400+30"]

1. d4 d5 2. Nf3 e6 3. Bf4 Nf6 4. e3 Bd6 5. Nbd2 Bxf4 6. exf4 O-O 7. Bd3 c5 8. c3 cxd4 9. Nxd4 Nc6 10. N2f3 Qd6 11. g3 Rd8 12. O-O a6 13. Re1 g6 14. a4 Bd7 15. Qe2 Rac8 16. a5 h5 17. Nxc6 Bxc6 18. Nd4 Bd7 19. Qf3 Kg7 20. h3 Re8 21. Re5 Rcd8 22. Rae1 Bc8 23. Qe2 Qc7 24. Nb3 h4 25. Qe3 hxg3 26. Qxg3 Rh8 27. Nd4 Rh5 28. Nf3 Rdh8 29. Ng5 R8h6 30. Qe3 Rh4 31. Qd4 Qd8 32. c4 Kg8 33. Bf1 Nh5 34. cxd5 Nxf4 35. R1e4 Qf6 36. Qc3 Bd7 37. dxe6 Nxe6 38. Nxe6 Bxe6 39. Rxe6 Qg5+ 40. Bg2 fxe6 41. Rxe6 Qd8 42. Qe5 Kf7 43. Bd5 Rxh3 44. Re7+ 1-0

[Event "XVI Memorial Lezcano Montalvo 2024"]
[Site "Gran Canaria"]
[Date "2024.03.27"]
[Round "5.23"]
[White "Perez Bolanos, Joel"]
[Black "Quiceno Ramirez, Edwin Alejandro"]
[Result "0-1"]
[ECO "E06"]
[WhiteElo "2046"]
[BlackElo "1888"]
[Annotator "RC"]
[PlyCount "112"]
[EventDate "2024.03.23"]
[EventType "swiss"]
[EventCountry "ESP"]
[SourceTitle "playchess.com"]
[Source "ChessBase"]
[SourceQuality "1"]
[TimeControl "5400+30"]

1. d4 d5 2. c4 e6 3. Nf3 Nf6 4. g3 Be7 5. Bg2 O-O 6. O-O c6 7. Qc2 b6 8. Nbd2 Bb7 9. e4 Na6 10. e5 Nd7 11. a3 c5 12. dxc5 bxc5 13. Re1 Nc7 14. h4 Nb6 15. b3 f5 16. Nf1 d4 17. Bf4 Qe8 18. Rab1 Be4 19. Rxe4 fxe4 20. Qxe4 Qg6 21. Qxg6 hxg6 22. N1d2 Rab8 23. Bg5 Kf7 24. Bf1 Nc8 25. Ne4 Na6 26. Ne1 Rd8 27. Nd3 Bxg5 28. Nxg5+ Ke7 29. Nf4 Rd7 30. Nxg6+ Ke8 31. Nf4 Rdb7 32. b4 cxb4 33. axb4 Nxb4 34. Ngxe6 Nc6 35. Re1 Rb1 36. Re4 a5 37. Nxg7+ Kf7 38. Nf5 N8e7 39. Nxd4 a4 40. Nxc6 Nxc6 41. e6+ Kf6 42. Kg2 a3 43. Nd5+ Kg7 44. Nc3 Rc1 45. Re3 Ne7 46. Na2 Rc2 47. Rxa3 Rbb2 48. Nc3 Rxf2+ 49. Kg1 Rf3 50. Nd1 Rxa3 51. Nxb2 Rxg3+ 52. Kf2 Rc3 53. Bd3 Rb3 54. Ke3 Rxb2 55. Kd4 Kf6 56. h5 Rh2 0-1

[Event "XVI Memorial Lezcano Montalvo 2024"]
[Site "Gran Canaria"]
[Date "2024.03.27"]
[Round "5.24"]
[White "Gonzalez Ortega, Jose Miguel"]
[Black "Blanco Garcia Bajo, David"]
[Result "0-1"]
[ECO "A46"]
[WhiteElo "1858"]
[BlackElo "2004"]
[Annotator "NA RC"]
[PlyCount "86"]
[EventDate "2024.03.23"]
[EventType "swiss"]
[EventCountry "ESP"]
[SourceTitle "playchess.com"]
[Source "ChessBase"]
[SourceQuality "1"]
[TimeControl "5400+30"]

1. Nf3 Nf6 2. d4 e6 3. Bg5 c5 4. e3 Qb6 5. Bxf6 Qxb2 6. Nbd2 gxf6 7. Bd3 Qb6 8. c3 cxd4 9. cxd4 d5 10. Qc2 Nc6 11. a3 Bd7 12. O-O Rc8 13. Qb1 Qxb1 14. Rfxb1 Na5 15. g3 Rc3 16. Bb5 Rxa3 17. Bxd7+ Kxd7 18. Rxa3 Bxa3 19. Nb3 Nc6 20. Ne1 Bd6 21. Nd3 b6 22. Ra1 a5 23. Nb2 Bb4 24. Na4 Kc7 25. Rc1 Kb7 26. Kg2 Na7 27. Kf3 Rc8 28. Rxc8 Nxc8 29. e4 Kc6 30. Ke3 Nd6 31. f3 Nc4+ 32. Kd3 Kb5 33. Nc3+ Bxc3 34. Kxc3 dxe4 35. fxe4 Nd6 36. Nd2 Ka4 37. e5 fxe5 38. dxe5 Nb5+ 39. Kc4 Na3+ 40. Kc3 b5 41. Ne4 b4+ 42. Kd4 Kb3 43. Nd6 Kc2 0-1

[Event "XVI Memorial Lezcano Montalvo 2024"]
[Site "Gran Canaria"]
[Date "2024.03.27"]
[Round "5.25"]
[White "Segura Marsa, Andres"]
[Black "Perez Betancor, Jose Luis"]
[Result "1-0"]
[ECO "B00"]
[WhiteElo "1987"]
[BlackElo "1765"]
[Annotator "NA RC"]
[PlyCount "103"]
[EventDate "2024.03.23"]
[EventType "swiss"]
[EventCountry "ESP"]
[SourceTitle "playchess.com"]
[Source "ChessBase"]
[SourceQuality "1"]
[TimeControl "5400+30"]

1. e4 b6 2. d4 Bb7 3. Bd3 e6 4. Nf3 c5 5. d5 exd5 6. exd5 Bxd5 7. Nc3 Be6 8. Bf4 a6 9. Qe2 Nf6 10. Ne5 Be7 11. O-O-O d5 12. Rhe1 Qc8 13. g4 Nc6 14. g5 Nd4 15. Qe3 Nh5 16. Nxd5 Nxf4 17. Nxe7 Nxd3+ 18. Qxd3 Kxe7 19. c3 Nf5 20. Nc4 Rd8 21. Qxf5 Qc7 22. Qe4 Kf8 23. Ne5 Kg8 24. f4 Rxd1+ 25. Rxd1 Rd8 26. Rxd8+ Qxd8 27. Nc6 Qe8 28. f5 Bd7 29. Ne7+ Kf8 30. f6 Qb8 31. Nd5 Qe8 32. Qxe8+ Bxe8 33. Nxb6 gxf6 34. gxf6 h6 35. Kd2 Kg8 36. Ke3 Kh7 37. Kf4 Kg6 38. Ke5 Kg5 39. Nc4 Bd7 40. Nd6 Be6 41. Ne4+ Kg4 42. Nxc5 Bxa2 43. Nxa6 Kh3 44. Kf4 h5 45. Kg5 Kxh2 46. Kxh5 Kg3 47. Kh6 Kf4 48. Kg7 Ke5 49. Nc5 Kd6 50. Ne4+ Kd7 51. Ng5 Ke8 52. b4 1-0

[Event "XVI Memorial Lezcano Montalvo 2024"]
[Site "Gran Canaria"]
[Date "2024.03.27"]
[Round "5.26"]
[White "Mukhi Talreja, Ishita Tina"]
[Black "Martinez Correa, Rafael"]
[Result "1/2-1/2"]
[ECO "D05"]
[WhiteElo "1755"]
[BlackElo "1597"]
[Annotator "NA RC"]
[PlyCount "54"]
[EventDate "2024.03.23"]
[EventType "swiss"]
[EventCountry "ESP"]
[SourceTitle "playchess.com"]
[Source "ChessBase"]
[SourceQuality "1"]
[TimeControl "5400+30"]

1. d4 d5 2. Nf3 Nf6 3. e3 e6 4. b3 c5 5. Bb2 Nc6 6. Bd3 Be7 7. O-O O-O 8. a3 b6 9. Ne5 Bb7 10. f4 Ne4 11. Nd2 f5 12. Rc1 Nxe5 13. dxe5 Qd7 14. Nf3 Rfd8 15. Qe2 Rac8 16. Rfd1 Qc7 17. c4 Rd7 18. Nd2 Rcd8 19. Nxe4 dxe4 20. Bc2 Rxd1+ 21. Rxd1 Rd7 22. Qh5 Qd8 23. Rxd7 Qxd7 24. Bc3 g6 25. Qe2 Ba6 26. a4 Bb7 27. a5 Ba6 1/2-1/2

[Event "XVI Memorial Lezcano Montalvo 2024"]
[Site "Gran Canaria"]
[Date "2024.03.27"]
[Round "5.27"]
[White "Grube, Kurt"]
[Black "Lizzul Coppe, Mirko"]
[Result "0-1"]
[ECO "A33"]
[WhiteElo "1773"]
[BlackElo "2027"]
[Annotator "NA RC"]
[PlyCount "62"]
[EventDate "2024.03.23"]
[EventType "swiss"]
[EventCountry "ESP"]
[SourceTitle "playchess.com"]
[Source "ChessBase"]
[SourceQuality "1"]
[TimeControl "5400+30"]

1. c4 c5 2. Nf3 Nc6 3. Nc3 Nf6 4. d4 cxd4 5. Nxd4 e6 6. a3 Bc5 7. e3 O-O 8. Be2 d5 9. Nxc6 bxc6 10. b4 Bb6 11. O-O Qe7 12. c5 Bc7 13. Bb2 e5 14. Re1 e4 15. f3 exf3 16. Bxf3 h5 17. Qe2 Qe5 18. g3 Qg5 19. Qf2 h4 20. Ne2 hxg3 21. hxg3 Ng4 22. Bxg4 Qxg4 23. Rf1 Ba6 24. Rfe1 Rae8 25. Kg2 Bd3 26. Nf4 Be4+ 27. Kh2 Re6 28. Kg1 Rh6 29. Ng2 Bxg3 30. Qe2 Rh1+ 31. Kxh1 Qh3+ 0-1

[Event "XVI Memorial Lezcano Montalvo 2024"]
[Site "Gran Canaria"]
[Date "2024.03.27"]
[Round "5.28"]
[White "Lorenzo Ventura, Abel"]
[Black "Sarmiento Afonso, Santiago"]
[Result "1-0"]
[ECO "A48"]
[WhiteElo "1772"]
[BlackElo "2023"]
[Annotator "RC"]
[PlyCount "149"]
[EventDate "2024.03.23"]
[EventType "swiss"]
[EventCountry "ESP"]
[SourceTitle "playchess.com"]
[Source "ChessBase"]
[SourceQuality "1"]
[TimeControl "5400+30"]

1. d4 c5 2. e3 Nf6 3. Nf3 g6 4. c3 Bg7 5. Bd3 b6 6. O-O Bb7 7. Re1 O-O 8. Nbd2 d5 9. h3 Nbd7 10. a4 a5 11. e4 dxe4 12. Nxe4 cxd4 13. Nxd4 Nc5 14. Nxc5 bxc5 15. Nf3 Qc7 16. Qe2 Rad8 17. Bb5 e6 18. Bg5 Rd5 19. Rad1 Rfd8 20. Bh4 Rxd1 21. Rxd1 Rd5 22. Bg3 Qd8 23. Rxd5 exd5 24. Qe5 Ne4 25. Qc7 Qxc7 26. Bxc7 c4 27. Bxa5 Bh6 28. Nd4 Bc1 29. b3 cxb3 30. Nxb3 Bb2 31. c4 dxc4 32. Bxc4 Bc6 33. Bb5 Bd5 34. Nd2 Nc5 35. Bb4 Ne6 36. Bf1 Bd4 37. Bd6 Nd8 38. Ba6 Kg7 39. Nc4 Bc3 40. Be5+ Bxe5 41. Nxe5 Kf6 42. Ng4+ Ke7 43. Bc8 h5 44. Ne3 Bb3 45. a5 Nc6 46. a6 Kd6 47. Bb7 Na7 48. Kh2 Be6 49. Kg3 Ke5 50. Nc2 Bc4 51. f4+ Kd6 52. Kh4 Bd3 53. Ne1 Bc4 54. Kg5 Ke7 55. Nf3 Bd3 56. Nd4 f6+ 57. Kh4 Kd6 58. Kg3 g5 59. fxg5 fxg5 60. Nf3 Ke7 61. Nxg5 Kf6 62. Nf3 Nb5 63. Kh4 Bg6 64. g4 hxg4 65. hxg4 Bd3 66. g5+ Kg7 67. Ne5 Bf5 68. Nc6 Be4 69. Nd8 Bf5 70. Bg2 Bc8 71. Bb7 Bd7 72. Nc6 Bxc6 73. Bxc6 Na7 74. Be4 Nc8 75. Kg4 1-0

[Event "XVI Memorial Lezcano Montalvo 2024"]
[Site "Gran Canaria"]
[Date "2024.03.27"]
[Round "5.29"]
[White "Garcia Almeida, Valeria"]
[Black "Perez Garcia, Jimena"]
[Result "0-1"]
[ECO "E16"]
[WhiteElo "1682"]
[BlackElo "1992"]
[Annotator "NA RC"]
[PlyCount "100"]
[EventDate "2024.03.23"]
[EventType "swiss"]
[EventCountry "ESP"]
[SourceTitle "playchess.com"]
[Source "ChessBase"]
[SourceQuality "1"]
[TimeControl "5400+30"]

1. c4 Nf6 2. Nc3 e6 3. d4 Bb4 4. Bd2 O-O 5. Nf3 b6 6. g3 Bb7 7. Bg2 d6 8. O-O Nbd7 9. Qc2 Bxc3 10. Bxc3 Be4 11. Qd2 h6 12. Ne1 Bxg2 13. Nxg2 Ne4 14. Qc2 Nxc3 15. Qxc3 Rc8 16. Rfd1 Qe8 17. Rac1 f5 18. e3 g5 19. Qd2 Qh5 20. f4 Nf6 21. Ne1 Rce8 22. Nd3 Ng4 23. Re1 Nf6 24. Qe2 Qg6 25. Qg2 Kh7 26. Re2 Qg7 27. Kh1 Ne4 28. Qg1 Qd7 29. Qg2 Qa4 30. b3 Qd7 31. Ree1 a5 32. a4 Qg7 33. Qb2 Qg6 34. Qg2 Rd8 35. Re2 Rfe8 36. Rec2 c5 37. Re1 Qg7 38. Qg1 Kh8 39. Ree2 Kg8 40. Re1 Kf7 41. h3 Qf6 42. Kh2 e5 43. dxe5 dxe5 44. Nxe5+ Rxe5 45. fxe5 Qxe5 46. Rf1 Kg6 47. Rb1 Rd3 48. Rg2 Nd2 49. Rxd2 Rxd2+ 50. Kh1 Qe4+ 0-1

[Event "XVI Memorial Lezcano Montalvo 2024"]
[Site "Gran Canaria"]
[Date "2024.03.27"]
[Round "5.30"]
[White "Macias Reyes, Jose Luis"]
[Black "Camino Carrio, Nicanor"]
[Result "0-1"]
[ECO "A48"]
[WhiteElo "1677"]
[BlackElo "1962"]
[Annotator "NA RC"]
[PlyCount "60"]
[EventDate "2024.03.23"]
[EventType "swiss"]
[EventCountry "ESP"]
[SourceTitle "playchess.com"]
[Source "ChessBase"]
[SourceQuality "1"]
[TimeControl "5400+30"]

1. d4 Nf6 2. Bf4 g6 3. e3 Bg7 4. Nf3 O-O 5. Be2 d6 6. O-O Nc6 7. h3 Nd7 8. Nc3 e5 9. Bg5 f6 10. Bh4 g5 11. Bg3 Kh8 12. Nd5 f5 13. dxe5 Ndxe5 14. Nd4 f4 15. Bh2 Ng6 16. c3 Nce5 17. exf4 gxf4 18. Nf3 a5 19. Nxe5 dxe5 20. c4 e4 21. Bg4 Bxb2 22. Rb1 Bg7 23. Bxc8 Qxc8 24. Qc2 f3 25. Qxe4 fxg2 26. Qxg2 Nh4 27. Qg3 Nf3+ 28. Kh1 Ra6 29. Qxc7 Qxh3 30. Rxb7 Qxf1+ 0-1

[Event "XVI Memorial Lezcano Montalvo 2024"]
[Site "Gran Canaria"]
[Date "2024.03.27"]
[Round "5.31"]
[White "Ramirez Maillo, Juan Adonay"]
[Black "Quevedo Olivares, Carlos Tomas"]
[Result "1-0"]
[ECO "B08"]
[WhiteElo "1918"]
[BlackElo "1763"]
[Annotator "NA RC"]
[PlyCount "103"]
[EventDate "2024.03.23"]
[EventType "swiss"]
[EventCountry "ESP"]
[SourceTitle "playchess.com"]
[Source "ChessBase"]
[SourceQuality "1"]
[TimeControl "5400+30"]

1. e4 g6 2. d4 Bg7 3. Nc3 d6 4. Nf3 Nf6 5. h3 O-O 6. Be3 c6 7. a4 Qa5 8. Bd3 d5 9. e5 Ne4 10. Bxe4 dxe4 11. Nd2 c5 12. Nb3 Qb4 13. Nxc5 Nc6 14. O-O Rd8 15. Nb5 Bxe5 16. Bd2 Qc4 17. b3 Qxc5 18. dxc5 Bxa1 19. Qxa1 Rxd2 20. Rd1 Rxd1+ 21. Qxd1 Be6 22. Qe1 Bf5 23. g4 Ne5 24. Kg2 Bd7 25. Nd4 f5 26. gxf5 gxf5 27. Qe3 Kf7 28. Qf4 Rg8+ 29. Kf1 Kf6 30. Qh4+ Kf7 31. Qxh7+ Rg7 32. Qh5+ Kf6 33. Qh4+ Kf7 34. Qh5+ Kf6 35. Qh8 Ng6 36. Qd8 Ne5 37. Qf8+ Kg6 38. h4 Rf7 39. Qg8+ Rg7 40. h5+ Kf6 41. Qf8+ Nf7 42. Ne2 Rh7 43. Nf4 Bc6 44. Qc8 Ng5 45. b4 a6 46. c4 Ke5 47. Qc7+ Kd4 48. b5 e5 49. Qd8+ Bd7 50. Qxg5 exf4 51. Qg6 Re7 52. Qd6+ 1-0

[Event "XVI Memorial Lezcano Montalvo 2024"]
[Site "Gran Canaria"]
[Date "2024.03.27"]
[Round "5.32"]
[White "Garbezza, Davide"]
[Black "Santos Falcon, Jose"]
[Result "1-0"]
[ECO "E16"]
[WhiteElo "1888"]
[BlackElo "1749"]
[Annotator "NA RC"]
[PlyCount "61"]
[EventDate "2024.03.23"]
[EventType "swiss"]
[EventCountry "ESP"]
[SourceTitle "playchess.com"]
[Source "ChessBase"]
[SourceQuality "1"]
[TimeControl "5400+30"]

1. d4 Nf6 2. Nf3 e6 3. c4 b6 4. g3 Bb7 5. Bg2 d5 6. O-O Bd6 7. b3 O-O 8. Bb2 Nbd7 9. Ne5 c5 10. e3 Qc7 11. Nxd7 Nxd7 12. Nc3 cxd4 13. Nb5 Qb8 14. Nxd6 Qxd6 15. Qxd4 Nf6 16. cxd5 exd5 17. e4 Qe6 18. exd5 Bxd5 19. Rfe1 Qc6 20. Rac1 Qb7 21. Bf3 Be4 22. Bxe4 Qc6 23. Bd5 Qxd5 24. Qf4 Nh5 25. Qg4 g6 26. Rcd1 Qc6 27. Qd4 f6 28. Re7 Rf7 29. Rc1 Qxc1+ 30. Bxc1 Rxe7 31. Qd5+ 1-0

[Event "XVI Memorial Lezcano Montalvo 2024"]
[Site "Gran Canaria"]
[Date "2024.03.27"]
[Round "5.33"]
[White "Roca Marrero, Fernando"]
[Black "Broeder, Hans-Gert"]
[Result "1/2-1/2"]
[ECO "D00"]
[WhiteElo "1666"]
[BlackElo "1860"]
[Annotator "NA RC"]
[PlyCount "129"]
[EventDate "2024.03.23"]
[EventType "swiss"]
[EventCountry "ESP"]
[SourceTitle "playchess.com"]
[Source "ChessBase"]
[SourceQuality "1"]
[TimeControl "5400+30"]

1. d4 d5 2. Bf4 c6 3. Nd2 Qb6 4. Nb3 a5 5. a4 Bf5 6. Nf3 h6 7. e3 Nf6 8. Bd3 Bg4 9. O-O Nbd7 10. h3 Bh5 11. Be2 e6 12. Nfd2 Bg6 13. c4 Be7 14. c5 Qd8 15. Rc1 O-O 16. Nf3 Ne4 17. Nbd2 b6 18. Nxe4 dxe4 19. Ne5 Nxe5 20. Bxe5 bxc5 21. dxc5 Qd5 22. Bd6 Bxd6 23. cxd6 Rad8 24. Qc2 Rxd6 25. Rfd1 Qe5 26. Rxd6 Qxd6 27. Qxc6 Qd2 28. Qc2 Rd8 29. b3 Kh7 30. Qxd2 Rxd2 31. Kf1 Rb2 32. Bd1 f5 33. g4 Rd2 34. Ke1 Rd5 35. Be2 Be8 36. Bc4 Rc5 37. Rd1 e5 38. Rd5 Rxd5 39. Bxd5 g6 40. Be6 Kg7 41. gxf5 Kf6 42. Bc4 gxf5 43. h4 Ke7 44. Kd2 Kd6 45. Kc3 Kc5 46. Be6 Bg6 47. Bg8 Be8 48. Be6 Bg6 49. Bc4 Be8 50. Bg8 Bd7 51. Bh7 Be6 52. h5 Bd7 53. Bg6 Be6 54. Be8 Bc8 55. Bf7 Bd7 56. Bg6 Be6 57. Be8 f4 58. Bg6 Bg4 59. Bf7 Bf3 60. Be8 Bd1 61. Bg6 Bf3 62. Bf7 Bg4 63. Bg6 Bf3 64. Bf7 Bg4 65. Bg6 1/2-1/2

[Event "XVI Memorial Lezcano Montalvo 2024"]
[Site "Gran Canaria"]
[Date "2024.03.27"]
[Round "5.35"]
[White "Rivero Tacoronte, Gabriel"]
[Black "Fernandez Hernandez, Javier"]
[Result "1-0"]
[ECO "B90"]
[WhiteElo "1831"]
[BlackElo "1690"]
[Annotator "NA RC"]
[PlyCount "95"]
[EventDate "2024.03.23"]
[EventType "swiss"]
[EventCountry "ESP"]
[SourceTitle "playchess.com"]
[Source "ChessBase"]
[SourceQuality "1"]
[TimeControl "5400+30"]

1. e4 c5 2. Nf3 d6 3. d4 cxd4 4. Nxd4 Nf6 5. Nc3 a6 6. f3 Nc6 7. Be3 e5 8. Nb3 Be6 9. Qd2 Be7 10. O-O-O O-O 11. g4 b5 12. g5 Nd7 13. Nd5 Bxd5 14. exd5 Ncb8 15. h4 a5 16. Bxb5 a4 17. Na1 Nb6 18. c4 Qc7 19. Qc3 Rc8 20. b3 axb3 21. axb3 Qb7 22. Kb2 Rxc4 23. Qd3 Rb4 24. Nc2 Rxb5 25. Qxb5 Na4+ 26. bxa4 Qc8 27. Nb4 Nd7 28. Rc1 Nc5 29. Nc6 Bf8 30. Bxc5 dxc5 31. Ka1 Qf5 32. Qb3 g6 33. Rhd1 e4 34. fxe4 Qxe4 35. a5 Bg7+ 36. Ka2 Qe2+ 37. Ka3 Qa6 38. Qc4 Qb7 39. Rb1 Qd7 40. Rb8+ Rxb8 41. Nxb8 Qb7 42. Qb3 Qa8 43. Qb6 Bf8 44. Kb3 h6 45. Kc4 hxg5 46. hxg5 Be7 47. Rg1 Kg7 48. a6 1-0

[Event "XVI Memorial Lezcano Montalvo 2024"]
[Site "Gran Canaria"]
[Date "2024.03.27"]
[Round "5.36"]
[White "Rivero Reyes, Alejandro"]
[Black "Lorenzo Merino, Hector"]
[Result "0-1"]
[ECO "B07"]
[WhiteElo "1799"]
[BlackElo "1586"]
[Annotator "NA RC"]
[PlyCount "124"]
[EventDate "2024.03.23"]
[EventType "swiss"]
[EventCountry "ESP"]
[SourceTitle "playchess.com"]
[Source "ChessBase"]
[SourceQuality "1"]
[TimeControl "5400+30"]

1. e4 d6 2. d4 Nf6 3. Nc3 g6 4. Be3 c6 5. Qd2 b5 6. f3 Nbd7 7. O-O-O Qa5 8. Kb1 Nb6 9. e5 dxe5 10. dxe5 Nfd5 11. Nxd5 Qxd2 12. Bxd2 Nxd5 13. c4 bxc4 14. Bxc4 a5 15. f4 Bf5+ 16. Ka1 Nb4 17. b3 Nd3 18. Be3 Nb4 19. Kb2 a4 20. a3 Nd5 21. Bxd5 cxd5 22. bxa4 e6 23. Nf3 Rxa4 24. Ra1 Be7 25. Rhc1 O-O 26. Rc7 Rb8+ 27. Kc3 Bd8 28. Ra7 Ba5+ 29. Rxa5 Rxa5 30. Ra2 Rab5 31. Nd4 Rc5+ 32. Kd2 Be4 33. Nxe6 Rc2+ 34. Rxc2 Bxc2 35. Kxc2 fxe6 36. Kc3 Kf7 37. Bc5 Ke8 38. a4 Kd7 39. a5 Rb5 40. Bb6 Kc6 41. Kd3 Rb2 42. g3 Rxh2 43. Ke3 Rb2 44. Bd8 Rb8 45. Bb6 Rxb6 46. axb6 Kxb6 47. g4 Kc6 48. f5 gxf5 49. gxf5 exf5 50. Kf4 Kd7 51. Kxf5 Ke7 52. e6 h5 53. Kg5 d4 54. Kf4 h4 55. Kf3 Kxe6 56. Kg2 Ke5 57. Kf2 Ke4 58. Ke2 d3+ 59. Kf2 h3 60. Kg1 d2 61. Kh2 d1=Q 62. Kxh3 Qg1 0-1

[Event "XVI Memorial Lezcano Montalvo 2024"]
[Site "Gran Canaria"]
[Date "2024.03.27"]
[Round "5.37"]
[White "Gonzalez Perdomo, Sergio"]
[Black "Leandro Tejera, Damian"]
[Result "1-0"]
[ECO "B76"]
[WhiteElo "1792"]
[BlackElo "1483"]
[Annotator "NA RC"]
[PlyCount "45"]
[EventDate "2024.03.23"]
[EventType "swiss"]
[EventCountry "ESP"]
[SourceTitle "playchess.com"]
[Source "ChessBase"]
[SourceQuality "1"]
[TimeControl "5400+30"]

1. e4 c5 2. Nf3 d6 3. d4 cxd4 4. Nxd4 Nf6 5. Nc3 g6 6. Be3 Bg7 7. f3 O-O 8. Bc4 a6 9. Qd2 e5 10. Nb3 b5 11. Bd5 Nxd5 12. Qxd5 Ra7 13. Bxa7 Qd7 14. Bxb8 Bb7 15. Qxd6 Qxd6 16. Bxd6 Rd8 17. O-O-O Bc8 18. Bc7 Re8 19. Rd8 Rxd8 20. Bxd8 Be6 21. Nd5 f5 22. Nc5 h5 23. Nxe6 1-0

[Event "XVI Memorial Lezcano Montalvo 2024"]
[Site "Gran Canaria"]
[Date "2024.03.27"]
[Round "5.38"]
[White "Illana Elorduy, Jesus Eusebio"]
[Black "Rossello Padron, Carlos"]
[Result "1/2-1/2"]
[ECO "A58"]
[WhiteElo "1623"]
[BlackElo "1792"]
[Annotator "NA RC"]
[PlyCount "99"]
[EventDate "2024.03.23"]
[EventType "swiss"]
[EventCountry "ESP"]
[SourceTitle "playchess.com"]
[Source "ChessBase"]
[SourceQuality "1"]
[TimeControl "5400+30"]

1. d4 Nf6 2. c4 c5 3. d5 b5 4. cxb5 a6 5. bxa6 Bxa6 6. Nc3 g6 7. g3 Bg7 8. Bg2 d6 9. e4 Nbd7 10. Nge2 O-O 11. O-O Qb6 12. Qc2 Ne5 13. Rd1 Nfg4 14. Na4 Qa7 15. Nec3 c4 16. h3 Nf6 17. Be3 Qb7 18. f4 Nd3 19. e5 Ne8 20. e6 Nf6 21. Kh2 Rab8 22. Nb6 Qc7 23. Nca4 Bb5 24. Rxd3 Bxa4 25. Nxa4 Qa5 26. Ra3 Nxd5 27. exf7+ Rxf7 28. Bxd5 Qxd5 29. Rd1 Qb5 30. Bd4 e5 31. Bc3 exf4 32. Bxg7 fxg3+ 33. Rxg3 Kxg7 34. b3 cxb3 35. axb3 Rbf8 36. Qc3+ Kg8 37. Rd2 Qf1 38. Rdg2 Rf6 39. Qc4+ Kg7 40. Qxf1 Rxf1 41. Nc3 Rc1 42. Rd3 Rff1 43. Ne4 h5 44. Nxd6 h4 45. Rgd2 Rce1 46. Nc4 Rh1+ 47. Kg2 Ref1 48. Rd7+ Kh6 49. Ne3 Rhg1+ 50. Kh2 1/2-1/2

[Event "XVI Memorial Lezcano Montalvo 2024"]
[Site "Gran Canaria"]
[Date "2024.03.27"]
[Round "5.41"]
[White "Matos Guedes, Silverio"]
[Black "Sanchez Montesdeoca, Isaac"]
[Result "0-1"]
[ECO "B34"]
[WhiteElo "1675"]
[BlackElo "1832"]
[Annotator "NA RC"]
[PlyCount "110"]
[EventDate "2024.03.23"]
[EventType "swiss"]
[EventCountry "ESP"]
[SourceTitle "playchess.com"]
[Source "ChessBase"]
[SourceQuality "1"]
[TimeControl "5400+30"]

1. e4 c5 2. Nf3 g6 3. d4 cxd4 4. Nxd4 Nc6 5. Nc3 Nf6 6. Nxc6 dxc6 7. Qxd8+ Kxd8 8. Bg5 Be6 9. O-O-O+ Ke8 10. f3 Bg7 11. Bd3 Nd7 12. f4 Bxc3 13. bxc3 f6 14. Bh4 Bxa2 15. c4 Nb6 16. c5 Nc4 17. Bxc4 Bxc4 18. Rd4 Be6 19. Rhd1 Kf7 20. h3 h5 21. Kb2 Rhb8 22. Bg3 Rc8 23. c3 b6 24. cxb6 axb6 25. Ra1 Rxa1 26. Kxa1 Ra8+ 27. Kb1 c5 28. Rd3 Ra2 29. Re3 Rxg2 30. h4 Bb3 31. e5 f5 32. Be1 Bc4 33. Bg3 e6 34. Be1 Ke7 35. Rg3 Rxg3 36. Bxg3 Kd7 37. Kc2 Kc6 38. Kd2 Kd5 39. Ke3 Bf1 40. Be1 Kc4 41. Kd2 Bg2 42. Ke3 Bh1 43. Kd2 Be4 44. Ke3 b5 45. Bd2 Kb3 46. Be1 Kc2 47. Ke2 Bd3+ 48. Ke3 Bc4 49. Kf3 Kd3 50. Kg3 Bd5 51. Kf2 c4 52. Kf1 b4 53. cxb4 c3 54. Bxc3 Kxc3 55. Ke2 Kc2 0-1